 Dungeon Crawl Stone Soup version 0.21.1-1-g345015fe64 (webtiles) character file.

1817 Lennu the Cleaver (level 9, -7/75 HPs)
             Began as a Hill Orc Fighter on May 30, 2018.
             Was a Follower of Beogh.
             Mangled by Erica
             ... wielding a +0 scimitar of flaming
              (9 damage)
             ... on level 8 of the Dungeon.
             The game lasted 00:14:49 (8223 turns).

Lennu the Cleaver (Hill Orc Fighter)                Turns: 8223, Time: 00:14:50

Health: -7/75      AC:  8    Str: 17    XL:     9   Next: 10%
Magic:  9/9        EV:  9    Int:  8    God:    Beogh [*.....]
Gold:   421        SH: 10    Dex: 13    Spells: 8/8 levels left

rFire    . . .     SeeInvis .   a - +1 war axe
rCold    . . .     Gourm    .   c - +0 shield
rNeg     . . .     Faith    .   x - +1 scale mail
rPois    .         Spirit   .   (helmet restricted)
rElec    +         Reflect  .   (no cloak)
rCorr    .         Harm     .   (no gloves)
MR       +....                  (no boots)
Stlth    ..........             u - amulet of rage
HPRegen  0.22/turn              s - ring of protection from magic
MPRegen  0.11/turn              (no ring)

@: lethally poisoned (-7 -> -17)
A: antennae 1, electricity resistance, weak 1, MP-powered wands
a: Renounce Religion, Evoke Berserk Rage


You were on level 8 of the Dungeon.
You worshipped Beogh.
Beogh was aware of your devotion.
You were hungry.

You visited 1 branch of the dungeon, and saw 8 of its levels.

You collected 421 gold pieces.

Inventory:

Hand Weapons
 a - a +1 war axe (weapon)
 b - the +10 hunting sling of Utusaaq {flame, rN+}
   (You found it on level 7 of the Dungeon)

   It causes projectiles fired from it to burn those they strike, causing extra
   injury to most foes and up to half again as much damage against particularly
   susceptible opponents.
   It protects you from negative energy.
Missiles
 y - 47 sling bullets
Armour
 c - a +0 shield (worn)
 x - a +1 scale mail (worn)
Jewellery
 s - a ring of protection from magic (left hand)
 u - an amulet of rage (around neck)
Wands
 d - a wand of digging (26)
 i - a wand of random effects (8)
Scrolls
 e - a scroll of fear
 h - 3 scrolls of teleportation
 l - 3 scrolls of amnesia
 m - a scroll of blinking
 n - 5 scrolls of remove curse
 o - a scroll of enchant weapon
 p - a scroll of immolation
 v - 2 scrolls of fog
 B - a scroll of identify
Potions
 g - a potion of agility
 j - 2 potions of haste
 k - 2 potions of flight
 q - a potion of magic
 r - 4 potions of curing
 t - 2 potions of brilliance
 z - a potion of might
 A - a potion of degeneration {unknown}
Comestibles
 f - 10 rations


   Skills:
 * Level 6.0 Fighting
 * Level 9.9 Axes
 * Level 6.4 Armour
 * Level 2.5 Dodging
 - Level 0.1 Stealth
 * Level 6.1 Shields
 * Level 0.7 Invocations


You had 8 spell levels left.
You didn't know any spells.

Dungeon Overview and Level Annotations

Branches:
Dungeon (8/15)             Temple (0/1) D:4
   Lair: D:8-11

Altars:
Dithmenos
Elyvilon
Hepliaklqana
Okawaru
Qazlal
Sif Muna
Vehumet
Xom
The Shining One

Shops:
D:5 ?   D:6 %

Annotations:
D:8 Erica


Innate Abilities, Weirdness & Mutations

You have a pair of small antennae on your head.
You are resistant to electric shocks. (rElec)
You are weak. (Str -2)
You expend magic power (3 MP) to strengthen your wands.


Message History

You hear some strange, mumbled words.
An orb of energy appears from out of thin air!
The orb of energy hits you!
You miss something. Something hits you! Something burns you.
You closely miss something.
You hear some strange, mumbled words.
A bolt of poison appears from out of thin air!
The bolt of poison hits you!
You are poisoned.
* * * LOW HITPOINT WARNING * * *
You barely miss something.
* * * LOW HITPOINT WARNING * * *
You feel sick. Something hits you.
* * * LOW HITPOINT WARNING * * *
Something burns you.
* * * LOW HITPOINT WARNING * * *
You slash something!
* * * LOW HITPOINT WARNING * * *
You feel sick. Something hits you!
You die...

#.... ...# #..#
..# #.## . #..#
...######..##
............###+##
+###..@###.#....#
#.{.# #.#....#
#...# #......#
##### ##.....#
#.....# #..#.##
##.#.# ##...#
#....#


There were no monsters in sight!

Vanquished Creatures
  The ghost of tobi4572 the Cutter, a novice VSAs (D:4)
  An ice beast (D:6)
  A sky beast (D:6)
  An orc warrior (D:6)
  A black bear (D:6)
  2 ogres
  A centaur (D:6)
  2 bullfrogs (D:6)
  3 scorpions
  3 jellies
  A quasit (D:7)
  3 hounds
  An orc priest (D:6)
  2 orc wizards
  A centaur skeleton (D:6)
  3 worker ants
  2 hound skeletons
  4 gnolls (D:6)
  A howler monkey zombie (D:5)
  2 worker ant zombies
  7 adders
  2 shadow imps (D:6)
  2 oozes
  An adder skeleton (D:4)
  3 worms
  2 dart slugs
  4 leopard geckos
  17 orcs
  4 giant cockroaches
  9 goblins
  11 hobgoblins
  12 jackals
  A ball python (D:2)
  A ball python skeleton (D:4)
  7 bats
  2 frilled lizards (D:3)
  8 kobolds
  2 leopard gecko zombies
  6 rats
137 creatures vanquished.

Notes
Turn   | Place    | Note
-------+----------+-------------------------------------------
     0 | D:1      | Lennu the Hill Orc Fighter began the quest for the Orb.
     0 | D:1      | Reached XP level 1. HP: 19/19 MP: 1/1
   287 | D:1      | Reached XP level 2. HP: 25/27 MP: 2/2
   661 | D:1      | Reached skill level 3 in Axes
   712 | D:1      | Reached XP level 3. HP: 33/33 MP: 3/3
  1662 | D:2      | Reached XP level 4. HP: 23/40 MP: 4/4
  2479 | D:2      | Reached skill level 4 in Axes
  2744 | D:3      | Reached XP level 5. HP: 25/46 MP: 5/5
  3079 | D:3      | Reached skill level 5 in Axes
  3232 | D:3      | Found a hazy altar of Hepliaklqana.
  3485 | D:4      | Noticed tobi4572's ghost (novice VSAs)
  3501 | D:4      | Killed tobi4572's ghost
  3501 | D:4      | Reached skill level 6 in Axes
  3501 | D:4      | Reached skill level 1 in Dodging
  3501 | D:4      | Reached XP level 6. HP: 28/53 MP: 6/6
  3502 | D:4      | Reached XP level 7. HP: 32/60 MP: 7/7
  4446 | D:4      | Found a glowing golden altar of the Shining One.
  4557 | D:4      | Found a deep blue altar of Sif Muna.
  4586 | D:4      | Reached skill level 5 in Armour
  4694 | D:4      | Reached skill level 7 in Axes
  4694 | D:4      | Reached skill level 5 in Shields
  4709 | D:4      | Found a staircase to the Ecumenical Temple.
  4878 | D:5      | Entered Level 5 of the Dungeon
  4900 | D:5      | Found an iron altar of Okawaru.
  4965 | D:5      | Found a radiant altar of Vehumet.
  4968 | D:5      | Found a white marble altar of Elyvilon.
  4986 | D:5      | Found a shimmering altar of Xom.
  5007 | D:5      | Found Qoax's Magic Scroll Boutique.
  5010 | D:5      | Reached skill level 5 in Fighting
  5108 | D:5      | Became a worshipper of Beogh the Brigand
  5710 | D:6      | Reached XP level 8. HP: 68/68 MP: 8/8
  6078 | D:6      | Reached skill level 8 in Axes
  6095 | D:6      | Gained mutation: You are resistant to electric shocks. (rElec) [potion of mutation]
  6095 | D:6      | Gained mutation: You expend magic power (3 MP) to strengthen your wands. [potion of mutation]
  6095 | D:6      | Gained mutation: You are weak. (Str -2) [potion of mutation]
  6095 | D:6      | Gained mutation: You have a pair of small antennae on your head. [potion of mutation]
  6739 | D:6      | Found a shadowy altar of Dithmenos.
  6751 | D:6      | Reached skill level 9 in Axes
  7023 | D:6      | Reached * piety under Beogh
  7248 | D:6      | Found Hotya's Food Shop.
  7463 | D:7      | Got an ichor-stained hunting sling
  7464 | D:7      | Identified the +10 hunting sling of Utusaaq {flame, rN+} (You found it on level 7 of the Dungeon)
  7601 | D:7      | Found a stormy altar of Qazlal.
  7603 | D:7      | Noticed an air elemental
  7604 | D:7      | Noticed a water elemental
  7721 | D:7      | Reached XP level 9. HP: 75/75 MP: 9/9
  8207 | D:8      | Noticed Erica
  8222 | D:8      | HP: 3/75 [something (4)]
  8223 | D:8      | Mangled by Erica

Skill      XL: |  1  2  3  4  5  6  7  8  9 |
---------------+----------------------------+-----
Fighting       | 4 5 6 |  6.0
Axes           | 3 4 6 7 9 |  9.9
Shields        | 4 5 6 |  6.1
Armour         | 4 5 6 |  6.4
Dodging        | 1 2 |  2.5
Stealth        | |  0.1
Invocations    | |  0.7

Action                   |  1- 3 |  4- 6 |  7- 9 || total
-------------------------+-------+-------+-------++-------
Melee: War axe           |   128 |   117 |   267 ||   512
 Fire: Hunting sling     |       |       |     3 ||     3
Invok: Convert to Beogh  |       |       |     1 ||     1
  Use: Potion            |       |     1 |     4 ||     5
       Scroll            |       |       |    15 ||    15
  Eat: Chunk             |     2 |     6 |     8 ||    16
       Ration            |       |       |     2 ||     2
Armor: Scale mail        |    55 |    60 |   107 ||   222
Dodge: Dodged            |    50 |    45 |    77 ||   172
Block: Shield            |    74 |    78 |   136 ||   288
